 Dungeon Crawl Stone Soup version 0.31-a0-876-gfe8ebadbca (webtiles) character file.

Game seed: 10613244575396284596

672 OTABOTABOTAB the Ruffian (level 7, 57/57 HPs)
             Began as a Purple Draconian Shapeshifter on Aug 27, 2023.
             Quit the game on level 4 of the Dungeon on Oct 13, 2023.
             The game lasted 00:07:02 (3784 turns).

OTABOTABOTAB the Ruffian (DrSh)                     Turns: 3784, Time: 00:07:03

Health: 57/57      AC:  6    Str: 19    XL:     7   Next: 32%
Magic:  7/7        EV: 12    Int: 10    God:
Gold:   236        SH:  0    Dex: 10    Spells: 6/6 levels left

rFire   . .          .
                       - Unarmed
rCold   . . .        (no shield)
rNeg    . . .        (body armour unavailable)
rPois   .            (helmet currently unavailable)
rElec   .            (cloak currently unavailable)
rCorr   .            (gloves currently unavailable)
SInv    +            (boots currently unavailable)
Will    +....        (no amulet)
Stlth   +            Z - ring of wizardry {Wiz+, !d}
HPRegen 0.29/turn    V - ring of see invisible {sInv, !d}
MPRegen 0.10/turn

%: wizardry (x1)
@: beast-form
A: beast (slay +3), breathe power, AC +6, unfitting armour, cold-blooded
a: Breathe Dispelling Energy, Begin Untransformation


You were on level 4 of the Dungeon.
You were a hulking beast.
You visited 1 branch of the dungeon, and saw 4 of its levels.

You collected 236 gold pieces.

Inventory:

Missiles
 s - 45 stones
 v - 2 poisoned darts
Magical Staves
 f - a staff of conjuration
   (You found it on level 1 of the Dungeon)
Jewellery
 V - a ring of see invisible (right hand) {sInv, !d}
   (You found it on level 3 of the Dungeon)
 Z - a ring of wizardry (left hand) {Wiz+, !d}
   (You found it on level 1 of the Dungeon)
Talismans
 b - a beast talisman (active)
 c - a flux talisman
 o - a blade talisman
   (You found it on level 1 of the Dungeon)
Wands
 e - a wand of charming (7)
   (You found it on level 4 of the Dungeon)
 q - a wand of flame (13)
   (You found it on level 4 of the Dungeon)
 y - a wand of mindburst (15)
   (You found it on level 4 of the Dungeon)
Scrolls
 a - a scroll of torment {unknown}
 d - 6 scrolls of identify {unknown}
 h - a scroll of fog {unknown}
 j - a scroll of teleportation {unknown}
 l - a scroll of vulnerability {unknown}
 m - a scroll of butterflies {unknown}
 n - a scroll of enchant weapon {unknown}
 p - 2 scrolls of noise {unknown}
 r - a scroll of immolation {unknown}
Potions
 g - 2 potions of haste {unknown}
 i - a potion of brilliance {unknown}
 t - a potion of heal wounds {unknown}
 u - 2 potions of magic {unknown}
 J - 2 potions of curing {@q1}
 P - a potion of lignification {!q}


   Skills:
 + Level 3.4 Fighting
 + Level 3.3 Dodging
 * Level 5.5 Unarmed Combat
 * Level 5.2 Shapeshifting


You had 6 spell levels left.
You didn't know any spells.
Your spell library contained the following spells:

 Spells                   Type           Power      Damage    Failure   Level
 Apportation              Tloc           0%         N/A       16%         1
 Necrotise                Necr           0%         1d4       16%         1
 Summon Small Mammal      Summ           0%         N/A       16%         1


Dungeon Overview and Level Annotations

Branches:
Dungeon (4/15)
 Temple: D:4-7

Altars:

Shops:
D:4 :[*


Innate Abilities, Weirdness & Mutations

You are a hulking beast.
Your limbs bulge with bestial killing power. (Slay +3)
You can breathe bolts of dispelling energy.
Your rich purple scales are hard. (AC +6)
You cannot fit into any form of body armour.
You are cold-blooded and may be slowed by cold attacks.


Message History

You hit the orc.
You kill the orc!
You punch the orc!
You kill the orc!
Unknown command.
The orc priest casts a cantrip, but nothing happens.
Things that are here:
a +0 club; a +0 leather armour; a +0 short sword The orc priest barely misses you.
You punch the orc priest!
The orc priest hits you with a +0 trident.
Unknown command.
You barely miss the orc priest. The orc priest completely misses you.
You closely miss the orc priest. You tail-slap the orc priest.
The orc priest mumbles some strange prayers to Beogh against you.
Pain shoots through your body!
You take 12 damage, and have 35/51 hp.
MASSIVE DAMAGE!!
You barely miss the orc priest. You punch the orc priest.
You kill the orc priest!
No target in view!
Unknown command.
No target in view!
You see here a +0 trident.
Grinder comes into view.
Grinder shouts!
Health restored: 51 You completely miss Grinder.
Your tail-slap misses Grinder.
Grinder hits you.
You writhe in agony.
You take 2 damage, and have 49/51 hp.
You closely miss Grinder. You tail-slap Grinder. Grinder barely misses you.
Unknown command.
You barely miss Grinder.
Grinder blinks!
Grinder says, "Don't move a muscle."
Unknown command.
You hit Grinder. Grinder hits you!
You take 7 damage, and have 43/51 hp.
You closely miss Grinder. Grinder barely misses you.
You hit Grinder but do no damage. You hit Grinder. Grinder hits you.
You writhe in agony.
You take 12 damage, and have 32/51 hp.
MASSIVE DAMAGE!!
You hit Grinder.
Grinder blinks!
You barely miss Grinder. Grinder hits you.
You take 4 damage, and have 29/51 hp.
Unknown command.
You are too injured to fight recklessly!
You are too injured to fight recklessly!
You are too injured to fight recklessly!
Unknown command.
You are too injured to fight recklessly!
You are too injured to fight recklessly!
You punch Grinder! Grinder hits you.
You writhe in agony.
You take 8 damage, and have 21/51 hp.
You hit Grinder. Grinder closely misses you.
You punch Grinder! Grinder hits you.
You writhe in agony.
* * * LOW HITPOINT WARNING * * *
You take 6 damage, and have 15/51 hp.
You closely miss Grinder.
You tail-slap Grinder, but do no damage.
Grinder closely misses you.
You closely miss Grinder. Grinder hits you.
* * * LOW HITPOINT WARNING * * *
You writhe in agony.
* * * LOW HITPOINT WARNING * * *
You take 11 damage, and have 4/51 hp.
MASSIVE DAMAGE!!
You hit Grinder but do no damage. You tail-slap Grinder.
Grinder gestures at you. Pain shoots through your body!
* * * LOW HITPOINT WARNING * * *
You take 2 damage, and have 2/51 hp.
It was a potion of curing.
You feel better.
J - 2 potions of curing Grinder gestures at you.
You barely resist.
You regained 9 hp, and now have 11/51 hp.
You hit Grinder but do no damage.
Your tail-slap misses Grinder.
You hit Grinder but do no damage. You tail-slap Grinder!
Grinder gestures at you.
You barely resist. You punch Grinder!
You kill Grinder!
Your Shapeshifting skill increases to level 5!
You have reached level 7!
Your scales start taking on a rich purple colour.
You learn Spellcasting much quicker.
You learn Hexes much quicker.
You learn Evocations quicker.
You can breathe bolts of dispelling energy.
You regained 2 hp, and now have 13/57 hp.
MP restored: 7 You start resting.
Health restored: 57 Saving game... please wait.
Bad channel name 'Jiyva says' for runrest: 'Jiyva says: Divide and consume' Welcome back, OTABOTABOTAB the Purple Draconian Shapeshifter.
Okay, then.
You don't know any spells.
You can't go down here!
Okay, then.

##)# ##.....##
#.#######.# #.#
##...##
#.........# #)#
##+##
#.#########
####.# #.# #.#
#....### ###.##
#.# #.####..
....# #.# #.#
#.#
###...#####.#
#.# #.#
#...........#
#.# #.# #.#.h.#
###
#.####.###.#...#
#..............#
######.#####.###
#.......#
#########


There were no monsters in sight!

Vanquished Creatures
  Grinder (D:4)
  2 scorpions
  2 orc priests (D:4)
  An iguana (D:4)
  4 orc wizards
  9 adders
  2 worms
  4 dart slugs
  11 orcs
  7 endoplasms
  3 giant cockroaches
  4 goblins
  3 hobgoblins
  7 kobolds
  3 quokkas (D:2)
  3 ball pythons
  2 bats
  3 frilled lizards (D:3)
  15 rats
86 creatures vanquished.

Notes
Turn   | Place    | Note
-------+----------+-------------------------------------------
     0 | D:1      | OTABOTABOTAB the Draconian Shapeshifter began the quest for
                  | the Orb.
     0 | D:1      | Reached XP level 1. HP: 16/16 MP: 1/1
   144 | D:1      | Reached XP level 2. HP: 23/23 MP: 2/2
   239 | D:1      | Reached skill level 2 in Dodging
   262 | D:1      | Found a faded altar of an unknown god.
   866 | D:2      | HP: 5/23 [kobold/+0 short sword (3)]
   963 | D:2      | Reached XP level 3. HP: 24/28 MP: 3/3
  1245 | D:2      | Reached XP level 4. HP: 36/36 MP: 4/4
  1633 | D:3      | Noticed a scorpion
  1638 | D:3      | Killed a scorpion
  1639 | D:3      | Reached skill level 2 in Fighting
  1639 | D:3      | Reached skill level 4 in Unarmed Combat
  1670 | D:3      | Reached skill level 4 in Shapeshifting
  1670 | D:3      | Reached XP level 5. HP: 36/41 MP: 5/5
  2952 | D:4      | Reached XP level 6. HP: 50/50 MP: 6/6
  3003 | D:4      | Found Dealeq's General Store.
  3249 | D:4      | Found Dimmippe's Antique Weapon Shop.
  3329 | D:4      | Reached skill level 3 in Dodging
  3333 | D:4      | Reached skill level 5 in Unarmed Combat
  3394 | D:4      | Found Xuesett's Book Shop.
  3475 | D:4      | Found Pearchu's Antique Armour Emporium.
  3525 | D:4      | Reached skill level 3 in Fighting
  3611 | D:4      | Noticed Grinder
  3627 | D:4      | HP: 10/51 [Grinder (5)]
  3627 | D:4      | HP: 4/51 [Grinder (6)]
  3632 | D:4      | Killed Grinder
  3633 | D:4      | Reached skill level 5 in Shapeshifting
  3633 | D:4      | Your scales start taking on a rich purple colour.
  3633 | D:4      | Reached XP level 7. HP: 13/57 MP: 7/7
  3784 | D:4      | Upgraded the game from 0.31-a0-640-g39d97e502b to
                  | 0.31-a0-876-gfe8ebadbca
  3784 | D:4      | Quit the game

Illustrated notes

Levels and vault maps discovered:
D:1:      lightli_arrival_boilingwater, layout_loops_cross,
          hellmonk_ecumenical_altar_leap_of_faith, minmay_statues_item,
          minmay_rat_gold_closets
D:2:      layout_rooms
D:3:      layout_basic
D:4:      layout_loops_corners, serial_shops, kennysheep_mini, shop,
          nicolae_shop_behind_doors, shop, uniq_grinder

Skill      XL: |  1  2  3  4  5  6 |
---------------+-------------------+-----
Dodging        | 2 3 |  3.3
Fighting       | 2 3 |  3.4
Unarmed Combat | 4 5 |  5.5
Shapeshifting  | 4 5 |  5.2

Action                     |  1- 3 |  4- 6 |  7- 9 || total
---------------------------+-------+-------+-------++-------
  Melee: Unarmed           |    99 |   159 |       ||   258
         Tailslap          |    14 |    26 |       ||    40
         Punch             |     2 |     3 |       ||     5
Ability: Begin Untransform |     3 |       |       ||     3
    Use: Potion            |       |     1 |       ||     1
   Stab: Sleeping          |     2 |     1 |       ||     3
 Armour: Skin              |    18 |    33 |       ||    51
  Dodge: Dodged            |    68 |    77 |       ||   145
   Form: Beast             |     2 |     1 |       ||     3
         Flux              |     1 |       |       ||     1
         Blade             |       |     1 |       ||     1

Table legend: (Time is in decaauts)
 A = Elapsed time spent in this place.
 B = Non-inter-level travel time spent in this place.
 C = Inter-level travel time spent in this place.
 D = Time resting spent in this place.
 E = Time spent auto-exploring this place.
 F = Levels seen in this place.
 G = Mean time per level.
                   A        B        C        D        E       F      G
               +--------+--------+--------+--------+--------+-----+--------+
         Total |   3768 |   3614 |    154 |    392 |   2669 |   4 |  942.0 |
       Dungeon |   3768 |   3614 |    154 |    392 |   2669 |   4 |  942.0 |
               +--------+--------+--------+--------+--------+-----+--------+

Top non-repeatable levels by time:
     D:4: 1098 daAuts
     D:3: 1083 daAuts
     D:1: 1046 daAuts
     D:2: 539 daAuts

Levels and vault maps discovered:
D:1:      lightli_arrival_boilingwater, layout_loops_cross,
          hellmonk_ecumenical_altar_leap_of_faith, minmay_statues_item,
          minmay_rat_gold_closets
D:2:      layout_rooms
D:3:      layout_basic
D:4:      layout_loops_corners, serial_shops, kennysheep_mini, shop,
          nicolae_shop_behind_doors, shop, uniq_grinder

Table legend: (Time is in decaauts)
 A = Elapsed time spent in this place.
 B = Non-inter-level travel time spent in this place.
 C = Inter-level travel time spent in this place.
 D = Time resting spent in this place.
 E = Time spent auto-exploring this place.
 F = Levels seen in this place.
 G = Mean time per level.
                   A        B        C        D        E       F      G
               +--------+--------+--------+--------+--------+-----+--------+
         Total |   3768 |   3614 |    154 |    392 |   2669 |   4 |  942.0 |
       Dungeon |   3768 |   3614 |    154 |    392 |   2669 |   4 |  942.0 |
               +--------+--------+--------+--------+--------+-----+--------+

Top non-repeatable levels by time:
     D:4: 1098 daAuts
     D:3: 1083 daAuts
     D:1: 1046 daAuts
     D:2: 539 daAuts

Table legend:
 A = Kills in this place as a percentage of kills in the entire game.
 B = Kills by you in this place as a percentage of kills by you in the entire game.
 C = Kills by friends in this place as a percentage of kills by friends in the entire game.
 D = Other kills in this place as a percentage of other kills in the entire game.
 E = Experience gained in this place as a percentage of experience gained in the entire game.
 F = Experience gained in this place divided by the number of levels of this place that you have seen.
                   A       B       C       D       E      F
               +-------+-------+-------+-------+-------+----------------------
         Total | 100.0 | 100.0 |   N/A |   N/A | 100.0 | 240.2
       Dungeon | 100.0 | 100.0 |   N/A |   N/A | 100.0 | 240.2
               +-------+-------+-------+-------+-------+----------------------
